cohdb
Replays
Latest Replays
All Replays
Popular Replays
Top Player Replays
Match Explorer
How It Works
Community
CoH3 Stats
Reddit
Sign in to upload your games and track your stats! →
Sign in with Steam
Match 42734665
Unlisted
Match 42734665
Overview
Messages
Build Orders
End
Panzergrenadier Squad
Panzerpioneer Squad
250 Light Carrier
Construct Light Support Kompanie
MG34 Team
Selects Armored Support Battlegroup
Selects Salvage Kits
Combat Half-tracks
Fire Support Elements
Flakvierling Half-track
Panzerjäger Mechanized Group
Vehicle Survival Package
Pak 38 Anti-tank Gun Team
Selects Veteran Gunners
Construct Panzerarmee Kommand
Emergency Repair Kits
Walking Stuka Rocket Launcher
Rapid Advance
Selects Flammpanzer III Medium Tank
Flammpanzer III Medium Tank
Flak 36 Anti-tank Gun Team
Flammpanzer III Medium Tank
Panzerpioneer Squad
Flakvierling Half-track
Flammpanzer III Medium Tank
Dave
Nashorn101
CommieRed
Thank You Chef
0
0
Comments
sign in to comment!
No comments posted yet!